 Dungeon Crawl Stone Soup version 0.20-a0-993-gba41c3c (webtiles) character file.

24031 Monsterracer the Thaumaturge (level 12, -3/69 HPs)
             Began as a Deep Elf Fire Elementalist on Apr 11, 2017.
             Was an Elder of Vehumet.
             Slain by Rupert
             ... wielding a +1 battleaxe of chopping
              (9 damage)
             ... on level 2 of the Lair of Beasts.
             The game lasted 01:46:51 (19165 turns).

Monsterracer the Thaumaturge (DEFE)                Turns: 19165, Time: 01:46:51

Health: -3/69      AC: 15    Str:  8    XL:     12   Next: 77%
Magic:  35/39      EV: 15    Int: 36    God:    Vehumet [****..]
Gold:   726        SH:  9    Dex: 16    Spells: 11/36 levels left

rFire    + . .     SeeInvis .   u - +3 short sword (protect)
rCold    + + .     Gourm    +   G - +0 shield
rNeg     . . .     Faith    .   s - +3 leather armour "Weatie" {rC+ Str+2 Int+4 Dex-2}
rPois    +         Spirit   .   v - +2 helmet {Int+3}
rElec    +         Reflect  .   r - +1 cloak
rCorr    +         Harm     .   J - +0 pair of gloves
MR       +....                  q - +2 pair of boots
Stlth    ++........             k - amulet of the gourmand
Regen    0.3/turn               C - ring of magical power (curse)
MPRegen  0.3/turn               p - +3 ring of dexterity

@: resistant
A: talons 1, clever 2
a: Renounce Religion


You were on level 2 of the Lair of Beasts.
You worshipped Vehumet.
Vehumet was greatly pleased with you.
You were completely stuffed.

You visited 3 branches of the dungeon, and saw 14 of its levels.

You collected 821 gold pieces.
You spent 95 gold pieces at shops.

Inventory:

Hand Weapons
 u - a +3 short sword of protection (weapon)
Armour
 f - the +1 robe of Muttered Phrases {*Drain rF++ rCorr Slay+2}
   (You found it on level 6 of the Dungeon)

   It affects your accuracy and damage with ranged weapons and melee attacks
   (+2).
   It greatly protects you from fire.
   It protects you from acid and corrosion.
   It causes draining when unequipped.
 q - a +2 pair of boots (worn)
 r - a +1 cloak (worn)
 s - the +3 leather armour "Weatie" (worn) {rC+ Str+2 Int+4 Dex-2}
   (You found it on level 4 of the Dungeon)

   It affects your strength (+2).
   It affects your intelligence (+4).
   It affects your dexterity (-2).
   It protects you from cold.
 v - a +2 helmet of intelligence (worn)
 y - a +0 buckler
 F - the +2 helmet "Fadouh" {MR+}
   (You found it on level 9 of the Dungeon)

   It affects your resistance to hostile enchantments.
 G - a +0 shield (worn)
 J - a +0 pair of gloves (worn)
 N - a +2 large shield of resistance
Jewellery
 k - an amulet of the gourmand (around neck)
 o - a +3 ring of strength
 p - a +3 ring of dexterity (right hand)
 C - a cursed ring of magical power (left hand)
 M - an uncursed amulet of regeneration
Wands
 t - a wand of confusion (48/48)
 w - a wand of paralysis (7/24)
 z - a wand of lightning (2/15)
 H - a wand of acid (11/15)
Scrolls
 d - 5 scrolls of enchant armour
 e - 4 scrolls of amnesia
 g - 11 scrolls of teleportation
 i - 3 scrolls of identify
 j - 5 scrolls of remove curse
 n - 3 scrolls of blinking
 x - 2 scrolls of fog
 A - 2 scrolls of magic mapping
Potions
 b - a potion of ambrosia
 B - 2 potions of curing
 D - 3 potions of might
 E - a potion of agility
 I - 4 potions of brilliance
 L - a potion of cancellation
Comestibles
 a - 5 royal jellies
 c - 8 bread rations
 h - 5 meat rations
 l - 16 fruits
 K - 4 chunks of flesh


   Skills:
 * Level 5.8 Fighting
 + Level 6.5 Short Blades
 - Level 2.1 Armour
 * Level 8.8 Dodging
 - Level 2.4 Stealth
 * Level 5.3 Shields
 * Level 12.6 Spellcasting
 + Level 10.1 Conjurations
 - Level 5.0 Hexes
 + Level 10.9 Fire Magic


You had 11 spell levels left.
You knew the following spells:

 Your Spells              Type           Power        Failure   Level  Hunger
a - Flame Tongue          Conj/Fire      #####        1%          1    None
b - Conjure Flame         Conj/Fire      #######.     1%          3    None
c - Sticky Flame          Conj/Fire      #######.     1%          4    None
d - Fireball              Conj/Fire      #######...   1%          5    None
e - Dazzling Spray        Conj/Hex       ######       1%          3    None
f - Confuse               Hex            ######..     3%          3    None
g - Tukima's Dance        Hex            ######..     3%          3    None
h - Mephitic Cloud        Conj/Pois/Air  #####...     2%          3    None


Dungeon Overview and Level Annotations

Branches:
Dungeon (10/15)            Temple (1/1) D:7            Lair (3/6) D:10
  Swamp (0/4) Lair:2
  Snake: Lair:2-4    Spider: Lair:2-4       Orc: D:9-12

Altars:
Ashenzari
Cheibriados
Dithmenos
Elyvilon
Fedhas
Gozag
Hepliaklqana
Kikubaaqudgha
Makhleb
Nemelex Xobeh
Okawaru
Qazlal
Ru
Sif Muna
Trog
Uskayaw
Vehumet
Wu Jian
Xom
Yredelemnul
Zin
The Shining One

Shops:
D:5 ?

Annotations:
D:7 exclusion: player ghost, dxctxrx's ghost, novice GrEE
Lair:1 exclusion: oklob plant
Lair:2 Rupert


Innate Abilities, Weirdness & Mutations

You have sharp toenails.
Your mind is very acute. (Int +4)


Message History

You feel protected.
Rupert roars madly and goes into a rage!
Rupert goes berserk!
Casting: Fireball
Confirm with . or Enter, or press ? or * to list all spells.
Aiming: Confuse
Press: ? - help, Shift-Dir - straight line, f - Rupert
Aim: Rupert, wielding a battleaxe of chopping and wearing a ring mail (berserk, fast, unusually strong, chance to defeat MR: 12%)
Okay, then.
Casting: Confuse
Confirm with . or Enter, or press ? or * to list all spells.
Aiming: Sticky Flame
Press: ? - help, Shift-Dir - straight line, f - Rupert
Aim: Rupert, wielding a battleaxe of chopping and wearing a ring mail (berserk, fast, unusually strong)
The sticky flame hits Rupert.
Rupert is lightly wounded.
Rupert is covered in liquid flames!
Rupert burns!
You block Rupert's attack.
Rupert hits you with a battleaxe of chopping!!
* * * LOW HITPOINT WARNING * * *
You die...

.#.....##.###......###..####.#.##
.#.#.####..###.######...######.##
PP...#..#.########.##...#P###....
..........##.###...##............
.....÷...........................
.................................
÷................................
....÷............................
................@@...............
............####'##......#######.
...........## #..##.....#.###P#.
......+....#####..##.....##......
#.....#...........#......##....PP
#...........##....##.....#P....##
#...........##...###.....P.....##
............##..P# #.............
.#.#[##.....###.## #......###(.#P


You could see Rupert (berserk).

Vanquished Creatures
  Gastronok (Lair:2)
  Snorg (D:10)
  A hydra (Lair:2)
  4 two-headed ogres
  Pikel (D:6)
  An oklob plant (Lair:3)
  4 spiny frogs
  A komodo dragon (Lair:1)
  Grinder (D:5)
  A hornet (D:10)
  5 polar bears
  Prince Ribbit (D:5)
  3 blink frogs (Lair:2)
  2 hippogriffs (Lair:1)
  2 basilisks (Lair:2)
  24 yaks
  Grum (D:9)
  Eustachio (D:5)
  Duvessa (D:4)
  7 orc warriors
  11 porcupines
  5 water moccasins
  2 phantoms
  2 sky beasts
  9 black bears
  3 necrophages (D:8)
  An ice beast (D:8)
  6 ogres
  3 wolves (D:9)
  6 centaurs
  Blork the orc (D:4)
  6 crocodiles
  15 bullfrogs
  A gnoll sergeant (D:8)
  Dowan (D:4)
  4 scorpions
  A wyvern skeleton (D:8)
  10 wights
  4 electric eels (Lair:2)
  2 centaur zombies
  A bullfrog zombie (D:8)
  6 crimson imps
  A quasit (D:8)
  4 hounds
  6 orc priests
  Crazy Yiuf (D:3)
  2 bullfrog skeletons (D:4)
  An iguana (D:4)
  A jelly (D:3)
  7 orc wizards
  2 centaur skeletons
  A gnoll shaman (D:4)
  Ijyb (D:3)
  Natasha (twice) (D:3)
  4 worker ants
  A hound zombie (D:6)
  A mummy (D:8)
  3 hound skeletons
  Robin (D:1)
  A worker ant zombie (D:8)
  6 gnolls
  17 adders
  2 shadow imps
  An ooze (D:4)
  An adder zombie (D:8)
  3 adder skeletons
  4 worms
  2 dart slugs
  5 leopard geckos
  52 orcs
  7 bats
  4 giant cockroaches
  9 goblins
  13 hobgoblins
  13 jackals
  6 quokkas
  A ball python (D:2)
  3 frilled lizards
  A giant cockroach zombie (D:5)
  A jackal zombie (D:5)
  10 kobolds
  A leopard gecko zombie (D:5)
  A quokka skeleton (D:6)
  2 quokka zombies (D:8)
  8 rats
376 creatures vanquished.

Vanquished Creatures (others)
  2 slaves (D:7)
  A scorpion (D:7)
  A quasit (D:7)
  An orc priest (D:7)
  An orc wizard (D:7)
  An adder skeleton (D:7)
  An orc (D:7)
  A jackal zombie (D:7)
  7 fungi
  2 plants
18 creatures vanquished.

Grand Total: 394 creatures vanquished

Notes
Turn   | Place    | Note
-------+----------+-------------------------------------------
     0 | D:1      | Monsterracer the Deep Elf Fire Elementalist began the quest for the Orb.
     0 | D:1      | Reached XP level 1. HP: 10/10 MP: 6/6
   656 | D:1      | Reached XP level 2. HP: 14/15 MP: 2/8
  1305 | D:2      | Reached XP level 3. HP: 19/19 MP: 6/10
  1604 | D:2      | Learned a level 3 spell: Conjure Flame
  2001 | D:2      | Noticed Robin
  2017 | D:1      | Reached XP level 4. HP: 15/24 MP: 7/11
  2130 | D:1      | Learned a level 4 spell: Sticky Flame
  2418 | D:1      | Killed Robin
  2433 | D:1      | Gained mutation: You have a pair of small horns on your head. [potion of mutation]
  2433 | D:1      | Gained mutation: Scrolls take you a little longer to read. [potion of mutation]
  2433 | D:1      | Gained mutation: You have a somewhat thin skeletal structure. (Dex +2, Stealth) [potion of mutation]
  3247 | D:3      | Found a runed door.
  3251 | D:3      | Noticed Crazy Yiuf
  3258 | D:3      | Killed Crazy Yiuf
  3258 | D:3      | Reached skill level 4 in Spellcasting
  3258 | D:3      | Reached XP level 5. HP: 28/28 MP: 0/13
  3425 | D:3      | Noticed Natasha
  3433 | D:3      | Killed Natasha
  3463 | D:3      | Noticed Natasha
  3518 | D:3      | Killed Natasha
  3518 | D:3      | Reached skill level 5 in Fire Magic
  3741 | D:3      | Found a faded altar of an unknown god.
  3988 | D:3      | Noticed Ijyb
  4049 | D:3      | Reached XP level 6. HP: 32/32 MP: 7/14
  4125 | D:3      | Killed Ijyb
  4531 | D:3      | Learned a level 5 spell: Fireball
  4566 | D:4      | Found a blossoming altar of Fedhas.
  4644 | D:5      | Entered Level 5 of the Dungeon
  4740 | D:5      | Reached skill level 5 in Spellcasting
  4740 | D:5      | Reached skill level 5 in Conjurations
  4821 | D:5      | Found Dyguemue's Magic Scroll Shoppe.
  4826 | D:5      | Bought a scroll of amnesia for 35 gold pieces
  4827 | D:5      | Bought a scroll of teleportation for 30 gold pieces
  4827 | D:5      | Bought a scroll of teleportation for 30 gold pieces
  4850 | D:5      | Reached XP level 7. HP: 35/37 MP: 4/16
  5013 | D:6      | Noticed Grinder
  5024 | D:5      | Reached skill level 1 in Short Blades
  5042 | D:5      | Noticed Eustachio
  5059 | D:5      | Killed Eustachio
  5059 | D:5      | Reached skill level 1 in Fighting
  5385 | D:5      | Killed Grinder
  5385 | D:5      | Reached XP level 8. HP: 32/43 MP: 4/18
  5394 | D:5      | Lost mutation: You have a pair of small horns on your head. [potion of mutation]
  5394 | D:5      | Lost mutation: Scrolls take you a little longer to read. [potion of mutation]
  5394 | D:5      | Lost mutation: You have a somewhat thin skeletal structure. (Dex +2, Stealth) [potion of mutation]
  5394 | D:5      | Gained mutation: Scrolls take you a little longer to read. [potion of mutation]
  5394 | D:5      | Gained mutation: Armour fits poorly on your strangely shaped body. [potion of mutation]
  5394 | D:5      | Gained mutation: You have sharp toenails. [potion of mutation]
  5613 | D:5      | Reached skill level 1 in Armour
  5613 | D:5      | Reached skill level 6 in Spellcasting
  6295 | D:5      | Noticed Prince Ribbit
  6304 | D:5      | Killed Prince Ribbit
  6546 | D:4      | Reached skill level 7 in Spellcasting
  6686 | D:4      | Reached XP level 9. HP: 45/49 MP: 14/21
  6826 | D:4      | Noticed Blork the orc
  6833 | D:4      | Killed Blork the orc
  7262 | D:4      | Got an obsidian-encrusted leather armour
  7273 | D:4      | Identified the +3 leather armour "Weatie" {rC+ Str+2 Int+4 Dex-2} (You found it on level 4 of the Dungeon)
  7396 | D:4      | Learned a level 3 spell: Dazzling Spray
  7400 | D:4      | Learned a level 3 spell: Confuse
  7404 | D:4      | Learned a level 3 spell: Tukima's Dance
  7518 | D:4      | Noticed Dowan
  7519 | D:4      | Noticed Duvessa
  7534 | D:4      | Killed Duvessa
  8129 | D:4      | Killed Dowan
  8698 | D:6      | Reached skill level 8 in Spellcasting
  8967 | D:6      | Got an ancient robe
  8978 | D:6      | Identified the cursed +1 robe of Muttered Phrases {*Drain rF++ rCorr Slay+2} (You found it on level 6 of the Dungeon)
  9274 | D:7      | Noticed Pikel
  9286 | D:6      | Killed Pikel
  9286 | D:6      | Reached skill level 5 in Dodging
  9352 | D:7      | Noticed dxctxrx's ghost (novice GrEE)
  9746 | D:7      | Noticed a two-headed ogre
  9760 | D:7      | Killed a two-headed ogre
  9760 | D:7      | Reached skill level 9 in Spellcasting
  9760 | D:7      | Reached skill level 1 in Hexes
  9760 | D:7      | Reached XP level 10. HP: 56/56 MP: 11/25
 10097 | D:7      | Found a sacrificial altar of Ru.
 10435 | D:7      | Found a staircase to the Ecumenical Temple.
 10442 | Temple   | Entered the Ecumenical Temple
 10540 | Temple   | Became a worshipper of Vehumet
 11975 | D:8      | Reached skill level 1 in Shields
 12073 | D:8      | Reached * piety under Vehumet
 12073 | D:8      | Offered knowledge of Freeze by Vehumet.
 13118 | D:8      | Reached skill level 10 in Spellcasting
 13288 | D:9      | Reached ** piety under Vehumet
 13393 | D:9      | Got a crude helmet
 13404 | D:9      | Identified the +2 helmet "Fadouh" {MR+} (You found it on level 9 of the Dungeon)
 13441 | D:9      | Noticed a two-headed ogre
 13455 | D:9      | Killed a two-headed ogre
 13455 | D:9      | Offered knowledge of Throw Frost by Vehumet.
 13573 | D:9      | Reached XP level 11. HP: 60/60 MP: 27/27
 13753 | D:9      | Noticed a two-headed ogre
 13909 | D:9      | Killed a two-headed ogre
 14111 | D:10     | Entered Level 10 of the Dungeon
 14111 | D:10     | Noticed Grum
 14116 | D:9      | Killed Grum
 14508 | D:9      | Lost mutation: Armour fits poorly on your strangely shaped body. [potion of mutation]
 14508 | D:9      | Lost mutation: Scrolls take you a little longer to read. [potion of mutation]
 14508 | D:9      | Gained mutation: Your mind is acute. (Int +2) [potion of mutation]
 14508 | D:9      | Gained mutation: Your mind is very acute. (Int +4) [potion of mutation]
 14587 | D:10     | Reached skill level 10 in Fire Magic
 14761 | D:10     | Found a shattered altar of Ashenzari.
 14772 | D:10     | Noticed Snorg
 14783 | D:10     | Killed Snorg
 14783 | D:10     | Reached skill level 5 in Short Blades
 14892 | D:10     | Noticed a two-headed ogre
 14903 | D:10     | Killed a two-headed ogre
 15173 | D:10     | Offered knowledge of Mephitic Cloud by Vehumet.
 15178 | D:10     | Learned a level 3 spell: Mephitic Cloud
 15272 | D:10     | Reached skill level 5 in Hexes
 15302 | D:10     | Reached skill level 11 in Spellcasting
 15601 | D:10     | Found a staircase to the Lair.
 15662 | Lair:1   | Entered Level 1 of the Lair of Beasts
 15690 | Lair:1   | Reached *** piety under Vehumet
 16889 | Lair:1   | Noticed an oklob plant
 16974 | Lair:1   | Reached XP level 12. HP: 68/68 MP: 20/29
 17274 | Lair:1   | Offered knowledge of Ignite Poison by Vehumet.
 17472 | Lair:2   | Reached skill level 5 in Fighting
 17791 | Lair:2   | Reached skill level 12 in Spellcasting
 17867 | Lair:2   | Noticed Gastronok
 17904 | Lair:2   | Killed Gastronok
 18123 | Lair:2   | Found a staircase to the Swamp.
 18332 | Lair:2   | Noticed an eight-headed hydra
 18337 | Lair:2   | Killed an eight-headed hydra
 18484 | Lair:2   | Reached **** piety under Vehumet
 18484 | Lair:2   | Reached skill level 10 in Conjurations
 18656 | Lair:2   | Offered knowledge of Lee's Rapid Deconstruction by Vehumet.
 18657 | Lair:2   | Reached skill level 5 in Shields
 19114 | Lair:3   | Noticed Rupert
 19165 | Lair:2   | Slain by Rupert

Vault maps used:
D:1:      scummos_arrival_checkerplants
D:2:      uniq_robin
D:3:      chequers_ecumenical_altar_simple_redux, first_bread,
          uniq_crazy_yiuf_cottage, uniq_iyjb, uniq_natasha
D:4:      minmay_door_path, st_stairs_6, fedhas_altar_2, uniq_blork_the_orc,
          uniq_duvessa
D:5:      serial_shops, shop, uniq_eustachio, uniq_prince_ribbit1
D:6:      uniq_grinder
D:7:      nicolae_ru_path_of_blood, minmay_temple_entry_junction, uniq_pikel
D:8:      serial_undead, serial_undead_f, serial_undead_d, serial_undead_f,
          serial_undead_a, serial_undead_c, serial_undead_a, serial_undead_a
D:9:      serial_glass, glass_columns_b, glass_columns_c
D:10:     grunt_lair_entry_orc_guard_hut, nicolae_ashenzari_panopticon,
          uniq_snorg, uniq_grum
Temple:   kilobyte_greek_temple
Lair:1:   beast_lair_carwin_large_3, minmay_lair_oklob_chamber
Lair:2:   statuecave_lemuel, swamp_mist_pool, grunt_megastairs_5, uniq_gastronok
Lair:3:   guppyfry_snake_entry_island, infiniplex_staircase_pool_2, uniq_rupert

Skill      XL: |  1  2  3  4  5  6  7  8  9 10 11 12 |
---------------+-------------------------------------+-----
Conjurations   | 2 3 4 5 6 7 8 9 10 | 10.1
Fire Magic     | 4 5 6 7 8 9 10 | 10.9
Spellcasting   | 4 5 7 9 10 11 12 | 12.6
Short Blades   | 1 2 3 4 5 6 |  6.5
Fighting       | 1 2 3 4 5 |  5.8
Dodging        | 3 4 5 6 7 8 |  8.8
Armour         | 1 2 |  2.1
Hexes          | 1 3 5 |  5.0
Shields        | 2 3 5 |  5.3
Stealth        | |  2.4

Action                   |  1- 3 |  4- 6 |  7- 9 | 10-12 || total
-------------------------+-------+-------+-------+-------++-------
Melee: Unarmed           |     5 |       |       |       ||     5
       Dagger            |     1 |     1 |       |       ||     2
       Short sword       |       |    13 |    25 |    57 ||    95
       Headbutt          |       |     1 |     2 |       ||     3
 Cast: Flame Tongue      |    71 |   134 |   297 |   567 ||  1069
       Conjure Flame     |       |    14 |    19 |    25 ||    58
       Sticky Flame      |       |     2 |    31 |    64 ||    97
       Confuse           |       |       |     2 |     8 ||    10
       Dazzling Spray    |       |       |       |    33 ||    33
       Fireball          |       |       |       |    20 ||    20
  Use: Potion            |     6 |     4 |     3 |     3 ||    16
       Scroll            |       |    14 |     7 |     6 ||    27
 Stab: Invisible         |       |       |       |     1 ||     1
  Eat: Chunk             |     7 |    13 |    21 |    29 ||    70
Armor: Robe              |     8 |    15 |    23 |       ||    46
       Leather armour    |       |       |    17 |   101 ||   118
Dodge: Dodged            |    14 |    33 |   105 |   190 ||   342
Block: Buckler           |       |       |       |    34 ||    34
       Shield            |       |       |       |    15 ||    15
